 Dungeon Crawl Stone Soup version 0.28-a0-1152-g9c71ebef14 (webtiles) character file.

Game seed: 7337006610133264698

44 SensoryNuts the Shield-Bearer (level 3, -1/36 HPs)
             Began as a Troll Fighter on Dec 14, 2021.
             Slain by a hobgoblin (5 damage)
             ... led by Robin
             ... on level 2 of the Dungeon.
             The game lasted 00:01:42 (1126 turns).

SensoryNuts the Shield-Bearer (Troll Fighter)       Turns: 1126, Time: 00:01:43

Health: -1/36      AC:  4    Str: 26    XL:     3   Next: 41%
Magic:  2/2        EV:  8    Int:  4    God:
Gold:   31         SH:  7    Dex:  9    Spells: 2/2 levels left

rFire   . . .      SeeInvis .   a - +0 flail
rCold   . . .      Faith    .   c - +0 kite shield
rNeg    . . .      Spirit   .   b - +0 robe
rPois   .          Reflect  .   (helmet restricted)
rElec   .          Harm     .   (no cloak)
rCorr   .          Rampage  .   (gloves unavailable)
Will    .....                   (boots unavailable)
Stlth   +.........              (no amulet)
HPRegen 0.92/turn               (no ring)
MPRegen 0.08/turn               (no ring)

@: mighty
A: large, unfitting armour, claws 3, regeneration 1, shaggy fur 1, tough skin 1
a: no special abilities


You were on level 2 of the Dungeon.
You visited 1 branch of the dungeon, and saw 2 of its levels.

You collected 31 gold pieces.

Inventory:

Hand Weapons
 a - a +0 flail (weapon)
Armour
 b - a +0 robe (worn)
 c - a +0 kite shield (worn)
Jewellery
 e - an amulet of faith
Scrolls
 g - a scroll of torment
 h - a scroll of immolation {unknown}
Potions
 f - a potion of mutation {unknown}


   Skills:
 + Level 2.7 Fighting
 + Level 2.5 Maces & Flails
 + Level 2.6 Dodging
 + Level 2.7 Shields


You had 2 spell levels left.
You didn't know any spells.
Your spell library was empty.

Dungeon Overview and Level Annotations

Branches:
Dungeon (2/15)

Altars:

Annotations:
D:2 Robin


Innate Abilities, Weirdness & Mutations

You are too large for most types of armour.
You have claws for hands.
Your natural rate of healing is unusually fast.
You are covered in fur. (AC +1)
You have tough skin. (AC +1)


Message History

The hobgoblin hits you. The hobgoblin closely misses you.
You barely miss the goblin. You block the goblin's attack.
The goblin hits you but does no damage. The goblin hits you with a +0 dagger.
The hobgoblin closely misses you. The hobgoblin hits you.
The goblin hits you with a +0 club. The goblin hits you but does no damage.
You block the goblin's attack.
You barely miss the goblin. The hobgoblin closely misses you.
The hobgoblin hits you but does no damage.
The goblin closely misses you. The goblin hits you with a +0 dagger.
The goblin closely misses you. The hobgoblin barely misses you.
The hobgoblin hits you.
You barely miss the goblin. The goblin barely misses you.
The goblin hits you but does no damage. The goblin barely misses you.
The hobgoblin hits you but does no damage.
The hobgoblin closely misses you. The goblin hits you but does no damage.
The goblin hits you with a +0 club. The goblin barely misses you.
You sock the goblin!
You kill the goblin!
The hobgoblin hits you. The hobgoblin barely misses you.
The goblin closely misses you. The goblin barely misses you.
Robin says, "Kneel, worm!"
You block the hobgoblin's attack. The hobgoblin barely misses you.
You sock the goblin!
You kill the goblin!
You block the goblin's attack. The hobgoblin closely misses you.
The hobgoblin hits you.
* * * LOW HITPOINT WARNING * * *
The goblin hits you with a +0 club.
* * * LOW HITPOINT WARNING * * *
You block the goblin's attack.
You closely miss the goblin. You block the hobgoblin's attack. x2
The hobgoblin hits you but does no damage.
The goblin hits you but does no damage. The goblin hits you with a +0 dagger.
* * * LOW HITPOINT WARNING * * *
The hobgoblin barely misses you. The hobgoblin hits you.
* * * LOW HITPOINT WARNING * * *
The hobgoblin hits you but does no damage.
You closely miss the goblin.
The goblin hits you but does no damage. x2
You block the hobgoblin's attack. The hobgoblin hits you.
You die...

......# #..........#
......# ##.........)#
......# #
............####
....... ..
#.............# ...
#.#.......#.#.# ....
#.##........# # .....
#.....?.....#
......####........#
#.gg@gg........#
......ggg...........
#####..........#..###
#....#.##........
#.......#..######
#....#.##..#
........# ...
###...### ##


You could see Robin, 3 hobgoblins and 3 goblins.

Vanquished Creatures
  8 ball pythons
  2 endoplasms (D:1)
  10 goblins
  4 hobgoblins
  2 jackals (D:1)
  3 quokkas
  3 bats (D:1)
  A frilled lizard (D:1)
  2 kobolds (D:2)
  3 rats (D:1)
38 creatures vanquished.

Notes
Turn   | Place    | Note
-------+----------+-------------------------------------------
     0 | D:1      | SensoryNuts the Troll Fighter began the quest for the Orb.
     0 | D:1      | Reached XP level 1. HP: 22/22 MP: 0/0
    96 | D:1      | Found a faded altar of an unknown god.
   160 | D:1      | Reached XP level 2. HP: 29/29 MP: 1/1
   866 | D:1      | Reached XP level 3. HP: 36/36 MP: 2/2
  1117 | D:2      | Noticed Robin
  1126 | D:2      | Slain by a hobgoblin

Illustrated notes

Levels and vault maps discovered:
D:1:      ncdulo_lavacross, layout_basic, nicolae_ecumenical_snake_handling
D:2:      layout_basic, serial_shops, shop, uniq_robin, uniq_crazy_yiuf_cottage

Skill      XL: |  1  2 |
---------------+-------+-----
Maces & Flails | 2 |  2.5
Fighting       | |  2.7
Dodging        | |  2.6
Shields        | |  2.7

Action                   || total
-------------------------++-------
Melee: Flail             ||   128
  Use: Scroll            ||     2
       Potion            ||     1
Armor: Robe              ||    71
Dodge: Dodged            ||    77
Block: Kite shield       ||    58

Table legend: (Time is in decaauts)
 A = Elapsed time spent in this place.
 B = Non-inter-level travel time spent in this place.
 C = Inter-level travel time spent in this place.
 D = Time resting spent in this place.
 E = Time spent auto-exploring this place.
 F = Levels seen in this place.
 G = Mean time per level.
                   A        B        C        D        E       F      G
               +--------+--------+--------+--------+--------+-----+--------+
         Total |   1190 |   1143 |     47 |      0 |    842 |   2 |  595.0 |
       Dungeon |   1190 |   1143 |     47 |      0 |    842 |   2 |  595.0 |
               +--------+--------+--------+--------+--------+-----+--------+

Top non-repeatable levels by time:
     D:1: 978 daAuts
     D:2: 212 daAuts
